WCHLSIM.com - West Coast Hockey League
html PUBLIC "-//W3C//DTD XHTML 1.0 Transitional//EN" "http://www.w3.org/TR/xhtml1/DTD/xhtml1-transitional.dtd"> WCHL - Game 127 - SAN DIEGO THUNDER vs SAN FRANCISCO SPIDERS

SAN DIEGO THUNDER vs SAN FRANCISCO SPIDERS

Created - 31 octobre 2021 at 22:45

Goals
1 2 3 T
SAN DIEGO THUNDER 1 1 0 2
SAN FRANCISCO SPIDERS 0 0 0 0
Shots
1 2 3 T
SAN DIEGO THUNDER 9 8 6 23
SAN FRANCISCO SPIDERS 12 4 13 29

1st period

1. SAN DIEGO THUNDER , Mark Scheifele 2 (Connor Murphy 3, David Perron 7) at 6:48

Penalties :
Shea Weber (SAF) for Tripping (Minor) at 3:54, Evander Kane (SDG) for Holding (Minor) at 3:54

2nd period

2. SAN DIEGO THUNDER , Evander Kane 5 (Brandon Saad 3, Logan Couture 3) at 19:01

Penalties :
Tyler Myers (SAF) for Hooking (Minor) at 0:26, Derek Forbort (SDG) for Hooking (Minor) at 15:54, Brandon Montour (SDG) for Slashing (Minor) at 19:48

3rd period

No Goal

Penalties :
Erik Cernak (SDG) for Roughing (Minor) at 14:20

Goalie Stats

Connor Hellebuyck (SDG), 29 saves from 29 shots - (1,000), W, 5-1-2, 60:00 minutes
Igor Shesterkin (SAF), 21 saves from 23 shots - (0,913), L, 1-5-0, 60:00 minutes

Players Stats for SAN DIEGO THUNDER

Player Name              G  A  P  +/- PIM S  H  SB GA TA FO     MP     PP MP  PK MP  
------------------------------------------------------------------------------------
Alexandre Carrier        0  0  0   1  0   0  1  1  0  0  0/0    16:28   0:00   1:57 
Andrew Cogliano          0  0  0   0  0   1  2  0  0  0  3/10   18:59   0:00   0:11 
Brandon Montour          0  0  0   1  2   1  1  2  0  0  0/0    17:19   0:28   1:00 
Brandon Saad             0  1  1   1  0   1  1  0  0  0  1/2    16:59   1:31   0:00 
Charles McAvoy           0  0  0   1  0   0  1  1  0  0  0/0    21:36   0:28   2:44 
Connor Murphy            0  1  1   1  0   1  0  0  0  0  0/0    22:42   0:00   2:57 
David Perron             0  1  1   1  0   4  0  0  0  0  0/1    19:19   1:31   0:00 
Derek Forbort            0  0  0   0  2   1  0  2  0  0  0/0    20:50   1:31   1:32 
Drake Batherson          0  0  0   0  0   1  1  0  0  0  0/0     7:29   0:28   0:00 
Erik Cernak              0  0  0   0  2   0  2  1  0  0  0/0    21:02   1:31   1:44 
Evander Kane             1  0  1   1  2   4  2  0  0  0  0/0    15:12   0:28   0:00 
Jean-Gabriel Pageau      0  0  0   0  0   1  1  1  0  0  9/14   16:17   0:00   4:00 
Logan Couture            0  1  1   1  0   1  1  0  0  0  9/20   18:58   0:28   1:57 
Marcus Foligno           0  0  0   1  0   0  1  0  0  0  0/3    17:59   0:00   1:57 
Mark Scheifele           1  0  1   1  0   7  0  0  0  0  15/25  17:44   1:31   0:00 
Mikhail Maltsev          0  0  0   0  0   0  0  0  0  0  0/0     0:00   0:00   0:00 
Ryan Hartman             0  0  0   0  0   0  2  0  0  0  0/0    16:06   0:00   3:49 
Steven Fogarty           0  0  0   0  0   0  0  0  0  0  0/0     7:01   0:00   0:00 

Players Stats for SAN FRANCISCO SPIDERS

Player Name              G  A  P  +/- PIM S  H  SB GA TA FO     MP     PP MP  PK MP  
------------------------------------------------------------------------------------
Alexander Kerfoot        0  0  0  -2  0   1  0  0  0  0  0/0    13:32   0:00   1:10 
Andrei Svechnikov        0  0  0   0  0   3  2  0  0  0  1/1    20:03   2:51   0:00 
Bo Horvat                0  0  0   0  0   5  1  0  0  0  21/25  20:03   2:51   0:00 
Calle Jarnkrok           0  0  0   0  0   2  0  0  0  0  6/23   20:21   3:05   0:49 
Corey Perry              0  0  0   0  0   1  4  0  0  0  0/2    18:42   3:05   0:00 
Danton Heinen            0  0  0   0  0   1  0  0  0  0  0/1     6:03   0:00   0:00 
Darnell Nurse            0  0  0  -1  0   1  0  5  0  0  0/0    22:36   3:20   0:45 
Eeli Tolvanen            0  0  0   0  0   1  1  0  0  0  0/1    15:37   0:00   0:00 
Jason Spezza             0  0  0  -2  0   2  0  0  0  0  5/11   12:23   0:01   0:00 
Jordan Oesterle          0  0  0  -1  0   0  2  0  0  0  0/0    15:13   0:00   1:14 
Kirby Dach               0  0  0  -2  0   4  0  0  0  0  1/2    13:32   0:00   1:10 
Michael Anderson         0  0  0   0  0   0  1  3  0  0  0/0    23:25   2:37   1:14 
Milan Lucic              0  0  0   0  0   2  0  0  0  0  0/0     9:09   3:06   0:00 
Nico Sturm               0  0  0   0  0   0  1  0  0  0  3/6     6:04   0:01   0:00 
Sean Walker              0  0  0  -1  0   0  2  3  0  0  0/0    15:37   0:00   0:45 
Shea Weber               0  0  0  -1  2   0  0  4  0  0  0/0    20:57   3:20   0:00 
Tyler Myers              0  0  0   0  2   1  1  1  0  0  0/0    22:10   2:37   0:00 
Viktor Arvidsson         0  0  0   0  0   5  0  0  0  0  1/3    20:33   2:51   0:49 

3 Stars

1 - Connor Hellebuyck (SDG)
2 - Mark Scheifele (SDG)
3 - Evander Kane (SDG)

Power Play

SAN DIEGO THUNDER - 0 on 1 Attempt(s) - 0,00%
SAN FRANCISCO SPIDERS - 0 on 3 Attempt(s) - 0,00%

Penalty Kill

SAN DIEGO THUNDER - 3 on 3 Attempt(s) - 100,00% - Score 0 goal in Penalty Kill
SAN FRANCISCO SPIDERS - 1 on 1 Attempt(s) - 100,00% - Score 0 goal in Penalty Kill

Team Stat

SAN DIEGO THUNDER - Hits : 16 - Faceoff Wins : 37 - Blocked Shots : 8 - Penalty Minutes : 8
SAN FRANCISCO SPIDERS - Hits : 15 - Faceoff Wins : 38 - Blocked Shots : 16 - Penalty Minutes : 4

Official

Referees : Reid Anderson and TJ Luxmore
Linesman : Stephen Drain and Travis Toomey

Game Notes

No Game Note

Finance

Level 1 -- Attendance: 5725 (93,78%) -- Ticket Income 858 750 $
Level 2 -- Attendance: 5164 (99,69%) -- Ticket Income 516 400 $
Level 3 -- Attendance: 2035 (100,00%) -- Ticket Income 162 800 $
Level 4 -- Attendance: 3969 (94,95%) -- Ticket Income 238 140 $
Luxury Box -- Attendance: 769 (76,90%) -- Ticket Income 230 700 $
Game was played at the Bay Area Sports Center.
Total Attendance: 17662 (95,47%)
Total Ticket Income: 2 006 790 $
Other Expense: 20 068 $
Total Income: 1 986 722 $

SAN DIEGO THUNDER

5 vs 5 Forward 
   Center                   Left Wing                Right Wing               Time % Phy DF OF 
 1 Mark Scheifele           David Perron             Marcus Foligno           34     0   2  3  
 2 Logan Couture            Evander Kane             Brandon Saad             29     0   2  3  
 3 Jean-Gabriel Pageau      Andrew Cogliano          Ryan Hartman             26     1   3  1  
 4 Andrew Cogliano          Steven Fogarty           Drake Batherson          11     0   4  1  

5 vs 5 Defense 
   Defense                  Defense                                           Time % Phy DF OF 
 1 Charles McAvoy           Connor Murphy                                     37     0   3  2  
 2 Derek Forbort            Erik Cernak                                       36     0   3  2  
 3 Brandon Montour          Alexandre Carrier                                 21     0   3  2  
 4 Connor Murphy            Brandon Montour                                   6      0   3  2  

PowerPlay Forward 
   Center                   Left Wing                Right Wing               Time % Phy DF OF 
 1 Mark Scheifele           David Perron             Brandon Saad             55     0   0  5  
 2 Logan Couture            Evander Kane             Drake Batherson          45     0   0  5  

PowerPlay Defense
   Defense                  Defense                                           Time % Phy DF OF 
 1 Brandon Montour          Charles McAvoy                                    55     0   0  5  
 2 Erik Cernak              Derek Forbort                                     45     0   0  5  

Penalty Kill 4 Players Forward 
   Center                   Wing                     Time % Phy DF OF 
 1 Jean-Gabriel Pageau      Ryan Hartman             55     0   4  1  
 2 Logan Couture            Marcus Foligno           45     0   4  1  

Penalty Kill 4 Players Defense
   Defense                  Defense                  Time % Phy DF OF 
 1 Erik Cernak              Connor Murphy            55     0   5  0  
 2 Derek Forbort            Charles McAvoy           45     0   5  0  

Penalty Kill - 3 Players Forward 
   Forward                                           Time % Phy DF OF 
 1 Jean-Gabriel Pageau                               55     0   4  1  
 2 Ryan Hartman                                      45     0   4  1  

Penalty Kill - 3 Players Defense
   Defense                  Defense                  Time % Phy DF OF 
 1 Derek Forbort            Connor Murphy            55     0   4  1  
 2 Charles McAvoy           Brandon Montour          45     0   4  1  

4 vs 4 Forward 
   Center                   Wing                     Time % Phy DF OF 
 1 Logan Couture            David Perron             55     0   2  3  
 2 Logan Couture            Brandon Saad             45     0   2  3  

4 vs 4 Defense
   Defense                  Defense                  Time % Phy DF OF 
 1 Charles McAvoy           Connor Murphy            55     1   2  2  
 2 Alexandre Carrier        Brandon Montour          45     1   2  2  

Last Minutes Offensive
   Center                   Left Wing                Right Wing               Defense                  Defense                  
   Mark Scheifele           Evander Kane             David Perron             Charles McAvoy           Erik Cernak              

Last Minutes Defensive
   Center                   Left Wing                Right Wing               Defense                  Defense                  
   Mark Scheifele           Evander Kane             Brandon Saad             Charles McAvoy           Connor Murphy            

Goaltenders
Starting : Connor Hellebuyck        
Backup : Ville Husso              

Extra Forwards
Normal : Mark Scheifele, David Perron, Evander Kane - PP : Mark Scheifele, Marcus Foligno - PK : Ryan Hartman
Extra Defensemen
Normal : Connor Murphy, Charles McAvoy, Derek Forbort - PP : Charles McAvoy - PK : Connor Murphy, Charles McAvoy
Penalty Shots
Mark Scheifele, David Perron, Evander Kane, Jean-Gabriel Pageau, Brandon Saad
Custom OT Lines Forwards
Mark Scheifele, David Perron, Evander Kane, Logan Couture, Brandon Saad, Marcus Foligno, Jean-Gabriel Pageau, Ryan Hartman, Drake Batherson, Mikhail Maltsev
Custom OT Lines Defensemen
Charles McAvoy, Connor Murphy, Derek Forbort, Brandon Montour, Erik Cernak

Scratches
Jay Beagle (Healthy)

SAN FRANCISCO SPIDERS

5 vs 5 Forward 
   Center                   Left Wing                Right Wing               Time % Phy DF OF 
 1 Bo Horvat                Andrei Svechnikov        Viktor Arvidsson         32     0   1  4  
 2 Calle Jarnkrok           Eeli Tolvanen            Corey Perry              31     0   2  3  
 3 Jason Spezza             Alexander Kerfoot        Kirby Dach               25     0   3  2  
 4 Nico Sturm               Milan Lucic              Danton Heinen            12     0   4  1  

5 vs 5 Defense 
   Defense                  Defense                                           Time % Phy DF OF 
 1 Darnell Nurse            Shea Weber                                        36     0   2  3  
 2 Tyler Myers              Michael Anderson                                  36     0   2  3  
 3 Sean Walker              Jordan Oesterle                                   15     0   4  1  
 4 Sean Walker              Jordan Oesterle                                   13     0   2  2  

PowerPlay Forward 
   Center                   Left Wing                Right Wing               Time % Phy DF OF 
 1 Bo Horvat                Andrei Svechnikov        Viktor Arvidsson         50     0   0  5  
 2 Calle Jarnkrok           Milan Lucic              Corey Perry              50     0   0  5  

PowerPlay Defense
   Defense                  Defense                                           Time % Phy DF OF 
 1 Darnell Nurse            Shea Weber                                        50     0   2  3  
 2 Tyler Myers              Michael Anderson                                  50     0   2  3  

Penalty Kill 4 Players Forward 
   Center                   Wing                     Time % Phy DF OF 
 1 Kirby Dach               Alexander Kerfoot        50     0   5  0  
 2 Viktor Arvidsson         Calle Jarnkrok           50     0   5  0  

Penalty Kill 4 Players Defense
   Defense                  Defense                  Time % Phy DF OF 
 1 Darnell Nurse            Sean Walker              50     0   5  0  
 2 Tyler Myers              Michael Anderson         50     0   5  0  

Penalty Kill - 3 Players Forward 
   Forward                                           Time % Phy DF OF 
 1 Bo Horvat                                         55     1   2  2  
 2 Andrei Svechnikov                                 45     1   2  2  

Penalty Kill - 3 Players Defense
   Defense                  Defense                  Time % Phy DF OF 
 1 Darnell Nurse            Shea Weber               55     1   2  2  
 2 Tyler Myers              Michael Anderson         45     1   2  2  

4 vs 4 Forward 
   Center                   Wing                     Time % Phy DF OF 
 1 Bo Horvat                Andrei Svechnikov        55     1   2  2  
 2 Viktor Arvidsson         Calle Jarnkrok           45     1   2  2  

4 vs 4 Defense
   Defense                  Defense                  Time % Phy DF OF 
 1 Darnell Nurse            Shea Weber               55     1   2  2  
 2 Tyler Myers              Michael Anderson         45     1   2  2  

Last Minutes Offensive
   Center                   Left Wing                Right Wing               Defense                  Defense                  
   Bo Horvat                Andrei Svechnikov        Viktor Arvidsson         Darnell Nurse            Shea Weber               

Last Minutes Defensive
   Center                   Left Wing                Right Wing               Defense                  Defense                  
   Bo Horvat                Andrei Svechnikov        Viktor Arvidsson         Darnell Nurse            Shea Weber               

Goaltenders
Starting : Igor Shesterkin          
Backup : Malcolm Subban           

Extra Forwards
Normal : Nico Sturm, Jason Spezza, Kirby Dach - PP : Nico Sturm, Jason Spezza - PK : Kirby Dach
Extra Defensemen
Normal : Sean Walker, Jordan Oesterle, Tyler Myers - PP : Sean Walker - PK : Jordan Oesterle, Tyler Myers
Penalty Shots
Bo Horvat, Andrei Svechnikov, Viktor Arvidsson, Calle Jarnkrok, Jason Spezza
Custom OT Lines Forwards
Bo Horvat, Andrei Svechnikov, Viktor Arvidsson, Calle Jarnkrok, Jason Spezza, Milan Lucic, Corey Perry, Kirby Dach, Alexander Kerfoot, Danton Heinen
Custom OT Lines Defensemen
Darnell Nurse, Shea Weber, Tyler Myers, Michael Anderson, Sean Walker

Scratches
None


% Time on Ice - SAN DIEGO THUNDER

Lines # - Real PCT - Wanted PCT - Time Play
Normal Forward
1 - 32% - 34% - 16:02
2 - 29% - 29% - 14:45
3 - 25% - 26% - 12:17
4 - 14% - 11% - 7:01
Normal Defense
1 - 35% - 37% - 17:41
2 - 36% - 36% - 17:48
3 - 26% - 21% - 13:15
4 - 3% - 6% - 1:21
PP Forward
1 - 76% - 55% - 1:31
2 - 24% - 45% - 0:28
PP Defense
1 - 24% - 55% - 0:28
2 - 76% - 45% - 1:31
PK Forward
1 - 67% - 55% - 4:00
2 - 33% - 45% - 1:57
PK Defense
1 - 52% - 55% - 3:05
2 - 48% - 45% - 2:52
PK3 Forward
1 - 0% - 55%
2 - 0% - 45%
PK3 Defense
1 - 0% - 55%
2 - 0% - 45%
44 Forward
1 - 64% - 55% - 1:16
2 - 36% - 45% - 0:43
44 Defense
1 - 36% - 55% - 0:43
2 - 64% - 45% - 1:16
Last Minute Offensive  - 0:00
Last Minute Defensive  - 0:00
Total
Forward - 60:00
Defense - 60:00

% Time on Ice - SAN FRANCISCO SPIDERS

Lines # - Real PCT - Wanted PCT - Time Play
Normal Forward
1 - 32% - 32% - 16:03
2 - 31% - 31% - 15:37
3 - 25% - 25% - 12:22
4 - 12% - 12% - 6:03
Normal Defense
1 - 35% - 36% - 17:38
2 - 37% - 36% - 18:28
3 - 15% - 15% - 7:35
4 - 13% - 13% - 6:24
PP Forward
1 - 48% - 50% - 2:51
2 - 52% - 50% - 3:06
PP Defense
1 - 56% - 50% - 3:20
2 - 44% - 50% - 2:37
PK Forward
1 - 59% - 50% - 1:10
2 - 41% - 50% - 0:49
PK Defense
1 - 38% - 50% - 0:45
2 - 62% - 50% - 1:14
PK3 Forward
1 - 0% - 55%
2 - 0% - 45%
PK3 Defense
1 - 0% - 55%
2 - 0% - 45%
44 Forward
1 - 58% - 55% - 1:09
2 - 42% - 45% - 0:50
44 Defense
1 - 45% - 55% - 0:53
2 - 55% - 45% - 1:06
Last Minute Offensive  - 0:00
Last Minute Defensive  - 0:00
Total
Forward - 60:00
Defense - 60:00

Play-by-Play

1st period


0:01 of 1st period - Bo Horvat wins face-off versus Mark Scheifele in neutral zone.
0:11 of 1st period - Shot by Bo Horvat.
0:11 of 1st period - Shot Misses the Net.
0:30 of 1st period - Shot by David Perron.
0:30 of 1st period - Shot Blocked by Darnell Nurse.
0:32 of 1st period - Shot by Charles McAvoy.
0:32 of 1st period - Shot Blocked by Shea Weber.
0:34 of 1st period - Shot by Connor Murphy.
0:34 of 1st period - Shot Blocked by Shea Weber.
0:36 of 1st period - Shot by David Perron.
0:36 of 1st period - Shot Misses the Net.
0:38 of 1st period - Shot by David Perron.
0:38 of 1st period - Deflect By Mark Scheifele.
0:38 of 1st period - Stopped by Igor Shesterkin without a rebound.
0:39 of 1st period - Logan Couture wins face-off versus Corey Perry in SAN FRANCISCO SPIDERS zone.
0:59 of 1st period - Icing by Michael Anderson.
1:00 of 1st period - Jean-Gabriel Pageau wins face-off versus Calle Jarnkrok in SAN FRANCISCO SPIDERS zone.
1:25 of 1st period - Corey Perry is hit by Jean-Gabriel Pageau and loses puck.
2:26 of 1st period - Shot by Jason Spezza.
2:26 of 1st period - Stopped by Connor Hellebuyck without a rebound.
2:27 of 1st period - Mark Scheifele wins face-off versus Jason Spezza in SAN DIEGO THUNDER zone.
3:19 of 1st period - Shot by Milan Lucic.
3:19 of 1st period - Shot Misses the Net.
3:29 of 1st period - Shot by Danton Heinen.
3:29 of 1st period - Shot Misses the Net.
3:31 of 1st period - Shot by Milan Lucic.
3:31 of 1st period - Stopped by Connor Hellebuyck without a rebound.
3:32 of 1st period - Bo Horvat wins face-off versus Andrew Cogliano in SAN DIEGO THUNDER zone.
3:42 of 1st period - Shot by Viktor Arvidsson.
3:42 of 1st period - Stopped by Connor Hellebuyck without a rebound.
3:43 of 1st period - Logan Couture wins face-off versus Bo Horvat in SAN DIEGO THUNDER zone.
3:43 of 1st period - Logan Couture is hit by Andrei Svechnikov.
3:54 of 1st period - Minor Penalty to Shea Weber for Tripping.
3:54 of 1st period - Minor Penalty to Evander Kane for Holding.
3:55 of 1st period - Bo Horvat wins face-off versus Logan Couture in SAN FRANCISCO SPIDERS zone.
4:10 of 1st period - Shot by Bo Horvat.
4:10 of 1st period - Stopped by Connor Hellebuyck without a rebound.
4:11 of 1st period - Bo Horvat wins face-off versus Logan Couture in SAN DIEGO THUNDER zone.
4:20 of 1st period - Shot by Bo Horvat.
4:20 of 1st period - Shot Misses the Net.
4:22 of 1st period - Shot by Bo Horvat.
4:22 of 1st period - Shot Misses the Net.
4:42 of 1st period - Shot by Bo Horvat.
4:42 of 1st period - Stopped by Connor Hellebuyck without a rebound.
4:43 of 1st period - Logan Couture wins face-off versus Viktor Arvidsson in SAN DIEGO THUNDER zone.
5:10 of 1st period - Shot by Logan Couture.
5:10 of 1st period - Shot Blocked by Michael Anderson.
5:50 of 1st period - Shot by Mark Scheifele.
5:50 of 1st period - Stopped by Igor Shesterkin with a rebound.
6:25 of 1st period - Icing by Shea Weber.
6:26 of 1st period - Mark Scheifele wins face-off versus Kirby Dach in SAN FRANCISCO SPIDERS zone.
6:38 of 1st period - Shot by David Perron.
6:38 of 1st period - Stopped by Igor Shesterkin with a rebound.
6:46 of 1st period - Shot by Mark Scheifele.
6:46 of 1st period - Shot Misses the Net.
6:48 of 1st period - Shot by Mark Scheifele.
6:48 of 1st period - Goal by Mark Scheifele - SAN DIEGO THUNDER : 1 - SAN FRANCISCO SPIDERS : 0.
6:49 of 1st period - Bo Horvat wins face-off versus Andrew Cogliano in neutral zone.
6:53 of 1st period - Off-side.
6:54 of 1st period - Andrew Cogliano wins face-off versus Bo Horvat in neutral zone.
6:58 of 1st period - Derek Forbort is hit by Sean Walker and loses puck.
7:02 of 1st period - Icing by Viktor Arvidsson.
7:03 of 1st period - Bo Horvat wins face-off versus Logan Couture in SAN FRANCISCO SPIDERS zone.
7:19 of 1st period - Shot by Bo Horvat.
7:19 of 1st period - Shot Misses the Net.
7:55 of 1st period - Icing by Brandon Saad.
7:56 of 1st period - Logan Couture wins face-off versus Calle Jarnkrok in SAN DIEGO THUNDER zone.
8:42 of 1st period - Icing by Michael Anderson.
8:43 of 1st period - Mark Scheifele wins face-off versus Calle Jarnkrok in SAN FRANCISCO SPIDERS zone.
8:46 of 1st period - Shot by David Perron.
8:46 of 1st period - Deflect By Mark Scheifele.
8:46 of 1st period - Stopped by Igor Shesterkin without a rebound.
8:47 of 1st period - Mark Scheifele wins face-off versus Danton Heinen in SAN FRANCISCO SPIDERS zone.
9:26 of 1st period - Shot by David Perron.
9:26 of 1st period - Shot Blocked by Darnell Nurse.
9:58 of 1st period - Shot by Drake Batherson.
9:58 of 1st period - Stopped by Igor Shesterkin without a rebound.
9:59 of 1st period - Jason Spezza wins face-off versus Logan Couture in SAN FRANCISCO SPIDERS zone.
10:55 of 1st period - Logan Couture is hit by Andrei Svechnikov and loses puck.
11:03 of 1st period - Andrei Svechnikov is hit by Logan Couture and loses puck.
11:18 of 1st period - Shot by Bo Horvat.
11:18 of 1st period - Stopped by Connor Hellebuyck without a rebound.
11:19 of 1st period - Calle Jarnkrok wins face-off versus Marcus Foligno in SAN DIEGO THUNDER zone.
11:25 of 1st period - Off-side.
11:26 of 1st period - Jean-Gabriel Pageau wins face-off versus Calle Jarnkrok in neutral zone.
12:29 of 1st period - Shot by Bo Horvat.
12:29 of 1st period - Stopped by Connor Hellebuyck without a rebound.
12:30 of 1st period - Mark Scheifele wins face-off versus Jason Spezza in SAN DIEGO THUNDER zone.
12:35 of 1st period - Shot by Alexander Kerfoot.
12:35 of 1st period - Deflect By Kirby Dach.
12:35 of 1st period - Stopped by Connor Hellebuyck without a rebound.
12:36 of 1st period - Bo Horvat wins face-off versus Mark Scheifele in SAN DIEGO THUNDER zone.
12:43 of 1st period - Shot by Andrei Svechnikov.
12:43 of 1st period - Deflect By Bo Horvat.
12:43 of 1st period - Shot Blocked by Alexandre Carrier.
12:47 of 1st period - Shot by Andrei Svechnikov.
12:47 of 1st period - Stopped by Connor Hellebuyck without a rebound.
12:48 of 1st period - Logan Couture wins face-off versus Jason Spezza in SAN DIEGO THUNDER zone.
12:55 of 1st period - Shot by Logan Couture.
12:55 of 1st period - Shot Misses the Net.
13:07 of 1st period - Shot by Alexander Kerfoot.
13:07 of 1st period - Shot Blocked by Derek Forbort.
13:45 of 1st period - Shot by Viktor Arvidsson.
13:45 of 1st period - Stopped by Connor Hellebuyck without a rebound.
13:46 of 1st period - Mark Scheifele wins face-off versus Calle Jarnkrok in SAN DIEGO THUNDER zone.
14:07 of 1st period - Shot by Marcus Foligno.
14:07 of 1st period - Shot Blocked by Darnell Nurse.
14:09 of 1st period - Shot by Connor Murphy.
14:09 of 1st period - Stopped by Igor Shesterkin without a rebound.
14:10 of 1st period - Bo Horvat wins face-off versus Andrew Cogliano in SAN FRANCISCO SPIDERS zone.
14:20 of 1st period - Off-side.
14:21 of 1st period - Nico Sturm wins face-off versus Marcus Foligno in neutral zone.
14:42 of 1st period - Shot by Danton Heinen.
14:42 of 1st period - Stopped by Connor Hellebuyck with a rebound.
14:44 of 1st period - Shot by Danton Heinen.
14:44 of 1st period - Shot Misses the Net.
14:55 of 1st period - Shot by Danton Heinen.
14:55 of 1st period - Shot Misses the Net.
15:19 of 1st period - Shot by Bo Horvat.
15:19 of 1st period - Stopped by Connor Hellebuyck without a rebound.
15:20 of 1st period - Andrew Cogliano wins face-off versus Calle Jarnkrok in SAN DIEGO THUNDER zone.
16:04 of 1st period - Icing by Corey Perry.
16:05 of 1st period - Logan Couture wins face-off versus Calle Jarnkrok in SAN FRANCISCO SPIDERS zone.
16:06 of 1st period - Shot by Evander Kane.
16:06 of 1st period - Shot Blocked by Sean Walker.
16:45 of 1st period - Shot by Evander Kane.
16:45 of 1st period - Shot Misses the Net.
16:47 of 1st period - Shot by Brandon Saad.
16:47 of 1st period - Shot Misses the Net.
17:17 of 1st period - Shot by Mark Scheifele.
17:17 of 1st period - Shot Misses the Net.
17:49 of 1st period - Off-side.
17:50 of 1st period - Calle Jarnkrok wins face-off versus Jean-Gabriel Pageau in neutral zone.
17:53 of 1st period - Shot by Eeli Tolvanen.
17:53 of 1st period - Shot Misses the Net.
18:00 of 1st period - Jean-Gabriel Pageau is hit by Jordan Oesterle and loses puck.
18:10 of 1st period - Jean-Gabriel Pageau is hit by Jordan Oesterle and loses puck.
18:15 of 1st period - Shot by Andrew Cogliano.
18:15 of 1st period - Deflect By Jean-Gabriel Pageau.
18:15 of 1st period - Stopped by Igor Shesterkin without a rebound.
18:16 of 1st period - Bo Horvat wins face-off versus Logan Couture in SAN FRANCISCO SPIDERS zone.
18:44 of 1st period - Evander Kane is hit by Michael Anderson.
19:10 of 1st period - Tyler Myers is hit by Ryan Hartman.
19:18 of 1st period - Shot by Andrew Cogliano.
19:18 of 1st period - Stopped by Igor Shesterkin without a rebound.
19:19 of 1st period - Mark Scheifele wins face-off versus Calle Jarnkrok in SAN FRANCISCO SPIDERS zone.
19:50 of 1st period - Shot by Marcus Foligno.
19:50 of 1st period - Shot Blocked by Darnell Nurse.
Goals for this period are 1 for SAN DIEGO THUNDER vs 0 for SAN FRANCISCO SPIDERS.
Shots for this period are 9 for SAN DIEGO THUNDER vs 12 for SAN FRANCISCO SPIDERS.

2nd period


0:01 of 2nd period - Jean-Gabriel Pageau wins face-off versus Jason Spezza in neutral zone.
0:26 of 2nd period - Minor Penalty to Tyler Myers for Hooking.
0:27 of 2nd period - Mark Scheifele wins face-off versus Viktor Arvidsson in SAN FRANCISCO SPIDERS zone.
0:56 of 2nd period - Shot by Mark Scheifele.
0:56 of 2nd period - Shot Misses the Net.
0:58 of 2nd period - Shot by Brandon Saad.
0:58 of 2nd period - Stopped by Igor Shesterkin with a rebound.
1:00 of 2nd period - Shot by Erik Cernak.
1:00 of 2nd period - Shot Misses the Net.
1:02 of 2nd period - Shot by David Perron.
1:02 of 2nd period - Deflect By Mark Scheifele.
1:02 of 2nd period - Shot Misses the Net.
1:04 of 2nd period - Shot by Derek Forbort.
1:04 of 2nd period - Stopped by Igor Shesterkin without a rebound.
1:05 of 2nd period - Kirby Dach wins face-off versus Logan Couture in SAN FRANCISCO SPIDERS zone.
1:30 of 2nd period - Shot by Logan Couture.
1:30 of 2nd period - Shot Misses the Net.
1:32 of 2nd period - Shot by Brandon Montour.
1:32 of 2nd period - Stopped by Igor Shesterkin without a rebound.
1:33 of 2nd period - Viktor Arvidsson wins face-off versus Mark Scheifele in SAN FRANCISCO SPIDERS zone.
1:54 of 2nd period - Shot by Mark Scheifele.
1:54 of 2nd period - Deflect By David Perron.
1:54 of 2nd period - Shot Misses the Net.
2:17 of 2nd period - Alexander Kerfoot is hit by Brandon Saad and loses puck.
3:32 of 2nd period - Charles McAvoy is hit by Tyler Myers and loses puck.
4:07 of 2nd period - David Perron is hit by Eeli Tolvanen and loses puck.
4:14 of 2nd period - Mark Scheifele is hit by Corey Perry and loses puck.
4:18 of 2nd period - Brandon Montour is hit by Corey Perry and loses puck.
5:26 of 2nd period - Drake Batherson is hit by Sean Walker and loses puck.
5:33 of 2nd period - Connor Murphy is hit by Corey Perry and loses puck.
5:41 of 2nd period - Icing by Connor Murphy.
5:42 of 2nd period - Andrew Cogliano wins face-off versus Jason Spezza in SAN DIEGO THUNDER zone.
6:43 of 2nd period - Shot by Mark Scheifele.
6:43 of 2nd period - Stopped by Igor Shesterkin without a rebound.
6:44 of 2nd period - Mark Scheifele wins face-off versus Nico Sturm in SAN FRANCISCO SPIDERS zone.
6:45 of 2nd period - Shot by David Perron.
6:45 of 2nd period - Shot Misses the Net.
6:47 of 2nd period - Shot by Erik Cernak.
6:47 of 2nd period - Shot Misses the Net.
6:49 of 2nd period - Shot by Mark Scheifele.
6:49 of 2nd period - Stopped by Igor Shesterkin without a rebound.
6:50 of 2nd period - Bo Horvat wins face-off versus Mark Scheifele in SAN FRANCISCO SPIDERS zone.
6:50 of 2nd period - Bo Horvat is hit by Marcus Foligno.
7:07 of 2nd period - Icing by Viktor Arvidsson.
7:08 of 2nd period - Bo Horvat wins face-off versus Logan Couture in SAN FRANCISCO SPIDERS zone.
7:08 of 2nd period - Bo Horvat is hit by Evander Kane.
8:35 of 2nd period - Shot by Mark Scheifele.
8:35 of 2nd period - Shot Blocked by Shea Weber.
8:37 of 2nd period - Shot by Derek Forbort.
8:37 of 2nd period - Shot Blocked by Shea Weber.
8:39 of 2nd period - Shot by Mark Scheifele.
8:39 of 2nd period - Shot Misses the Net.
8:41 of 2nd period - Shot by Erik Cernak.
8:41 of 2nd period - Shot Blocked by Darnell Nurse.
8:56 of 2nd period - Icing by Alexander Kerfoot.
8:57 of 2nd period - Jason Spezza wins face-off versus Jean-Gabriel Pageau in SAN FRANCISCO SPIDERS zone.
9:35 of 2nd period - Charles McAvoy is hit by Corey Perry and loses puck.
9:52 of 2nd period - Shot by Calle Jarnkrok.
9:52 of 2nd period - Shot Misses the Net.
10:46 of 2nd period - Shot by Logan Couture.
10:46 of 2nd period - Stopped by Igor Shesterkin without a rebound.
10:47 of 2nd period - Nico Sturm wins face-off versus Mark Scheifele in SAN FRANCISCO SPIDERS zone.
10:54 of 2nd period - Shot by Mark Scheifele.
10:54 of 2nd period - Shot Blocked by Sean Walker.
10:56 of 2nd period - Shot by David Perron.
10:56 of 2nd period - Shot Misses the Net.
11:56 of 2nd period - Viktor Arvidsson is hit by Evander Kane and loses puck.
12:14 of 2nd period - Shot by Andrei Svechnikov.
12:14 of 2nd period - Shot Misses the Net.
12:16 of 2nd period - Shot by Andrei Svechnikov.
12:16 of 2nd period - Deflect By Bo Horvat.
12:16 of 2nd period - Shot Blocked by Brandon Montour.
12:18 of 2nd period - Shot by Andrei Svechnikov.
12:18 of 2nd period - Shot Blocked by Brandon Montour.
12:22 of 2nd period - Shot by Andrei Svechnikov.
12:22 of 2nd period - Stopped by Connor Hellebuyck without a rebound.
12:23 of 2nd period - Calle Jarnkrok wins face-off versus Andrew Cogliano in SAN DIEGO THUNDER zone.
12:35 of 2nd period - Shot by Corey Perry.
12:35 of 2nd period - Shot Misses the Net.
12:37 of 2nd period - Shot by Darnell Nurse.
12:37 of 2nd period - Shot Misses the Net.
12:53 of 2nd period - Shot by Calle Jarnkrok.
12:53 of 2nd period - Shot Misses the Net.
14:24 of 2nd period - Shot by Kirby Dach.
14:24 of 2nd period - Stopped by Connor Hellebuyck without a rebound.
14:25 of 2nd period - Nico Sturm wins face-off versus Logan Couture in SAN DIEGO THUNDER zone.
15:24 of 2nd period - Charles McAvoy is hit by Nico Sturm.
15:44 of 2nd period - Shot by David Perron.
15:44 of 2nd period - Stopped by Igor Shesterkin without a rebound.
15:45 of 2nd period - Jason Spezza wins face-off versus Andrew Cogliano in SAN FRANCISCO SPIDERS zone.
15:45 of 2nd period - Jason Spezza is hit by Drake Batherson.
15:54 of 2nd period - Minor Penalty to Derek Forbort for Hooking.
15:55 of 2nd period - Bo Horvat wins face-off versus Jean-Gabriel Pageau in SAN DIEGO THUNDER zone.
16:53 of 2nd period - Icing by Calle Jarnkrok.
16:54 of 2nd period - Logan Couture wins face-off versus Calle Jarnkrok in SAN FRANCISCO SPIDERS zone.
17:16 of 2nd period - Milan Lucic is hit by Erik Cernak and loses puck.
18:59 of 2nd period - Shot by Evander Kane.
18:59 of 2nd period - Shot Blocked by Sean Walker.
19:01 of 2nd period - Shot by Brandon Saad.
19:01 of 2nd period - Deflect By Evander Kane.
19:01 of 2nd period - Goal by Evander Kane - SAN DIEGO THUNDER : 2 - SAN FRANCISCO SPIDERS : 0.
19:02 of 2nd period - Andrei Svechnikov wins face-off versus Mark Scheifele in neutral zone.
19:07 of 2nd period - Shot by Viktor Arvidsson.
19:07 of 2nd period - Stopped by Connor Hellebuyck without a rebound.
19:08 of 2nd period - Calle Jarnkrok wins face-off versus Mark Scheifele in SAN DIEGO THUNDER zone.
19:45 of 2nd period - Shot by Calle Jarnkrok.
19:45 of 2nd period - Shot Misses the Net.
19:47 of 2nd period - Shot by Calle Jarnkrok.
19:47 of 2nd period - Stopped by Connor Hellebuyck without a rebound.
19:48 of 2nd period - Bo Horvat wins face-off versus Andrew Cogliano in SAN DIEGO THUNDER zone.
19:48 of 2nd period - Minor Penalty to Brandon Montour for Slashing.
19:49 of 2nd period - Jean-Gabriel Pageau wins face-off versus Bo Horvat in SAN DIEGO THUNDER zone.
Goals for this period are 1 for SAN DIEGO THUNDER vs 0 for SAN FRANCISCO SPIDERS.
Shots for this period are 8 for SAN DIEGO THUNDER vs 4 for SAN FRANCISCO SPIDERS.

3rd period


0:01 of 3rd period - Jean-Gabriel Pageau wins face-off versus Calle Jarnkrok in neutral zone.
0:20 of 3rd period - Shot by Darnell Nurse.
0:20 of 3rd period - Shot Misses the Net.
0:26 of 3rd period - Shot by Milan Lucic.
0:26 of 3rd period - Shot Blocked by Jean-Gabriel Pageau.
0:28 of 3rd period - Shot by Corey Perry.
0:28 of 3rd period - Stopped by Connor Hellebuyck with a rebound.
0:30 of 3rd period - Shot by Shea Weber.
0:30 of 3rd period - Shot Misses the Net.
0:32 of 3rd period - Shot by Darnell Nurse.
0:32 of 3rd period - Stopped by Connor Hellebuyck with a rebound.
1:36 of 3rd period - Shot by Andrei Svechnikov.
1:36 of 3rd period - Shot Misses the Net.
1:38 of 3rd period - Shot by Andrei Svechnikov.
1:38 of 3rd period - Shot Misses the Net.
1:40 of 3rd period - Shot by Tyler Myers.
1:40 of 3rd period - Stopped by Connor Hellebuyck without a rebound.
1:41 of 3rd period - Bo Horvat wins face-off versus Marcus Foligno in SAN DIEGO THUNDER zone.
2:58 of 3rd period - Shot by Viktor Arvidsson.
2:58 of 3rd period - Stopped by Connor Hellebuyck with a rebound.
3:00 of 3rd period - Shot by Bo Horvat.
3:00 of 3rd period - Shot Misses the Net.
3:33 of 3rd period - Off-side.
3:34 of 3rd period - Calle Jarnkrok wins face-off versus David Perron in neutral zone.
4:08 of 3rd period - Icing by Darnell Nurse.
4:09 of 3rd period - Brandon Saad wins face-off versus Calle Jarnkrok in SAN FRANCISCO SPIDERS zone.
4:16 of 3rd period - Shot by Evander Kane.
4:16 of 3rd period - Shot Misses the Net.
4:38 of 3rd period - Shot by Logan Couture.
4:38 of 3rd period - Shot Misses the Net.
5:12 of 3rd period - Shot by Mark Scheifele.
5:12 of 3rd period - Stopped by Igor Shesterkin without a rebound.
5:13 of 3rd period - Bo Horvat wins face-off versus Mark Scheifele in SAN FRANCISCO SPIDERS zone.
5:43 of 3rd period - Shot by David Perron.
5:43 of 3rd period - Stopped by Igor Shesterkin without a rebound.
5:44 of 3rd period - Jean-Gabriel Pageau wins face-off versus Nico Sturm in SAN FRANCISCO SPIDERS zone.
5:57 of 3rd period - Shot by Milan Lucic.
5:57 of 3rd period - Stopped by Connor Hellebuyck with a rebound.
6:29 of 3rd period - Icing by Connor Murphy.
6:30 of 3rd period - Jean-Gabriel Pageau wins face-off versus Calle Jarnkrok in SAN DIEGO THUNDER zone.
6:35 of 3rd period - Corey Perry is hit by Andrew Cogliano and loses puck.
6:53 of 3rd period - Icing by Calle Jarnkrok.
6:54 of 3rd period - Calle Jarnkrok wins face-off versus Brandon Saad in SAN FRANCISCO SPIDERS zone.
7:06 of 3rd period - Off-side.
7:07 of 3rd period - Bo Horvat wins face-off versus Mark Scheifele in neutral zone.
8:07 of 3rd period - Icing by Connor Murphy.
8:08 of 3rd period - Logan Couture wins face-off versus Calle Jarnkrok in SAN DIEGO THUNDER zone.
8:55 of 3rd period - Shot by Charles McAvoy.
8:55 of 3rd period - Shot Blocked by Tyler Myers.
9:29 of 3rd period - Shot by Alexander Kerfoot.
9:29 of 3rd period - Stopped by Connor Hellebuyck without a rebound.
9:30 of 3rd period - Mark Scheifele wins face-off versus Bo Horvat in SAN DIEGO THUNDER zone.
9:30 of 3rd period - David Perron is hit by Bo Horvat and loses puck.
9:46 of 3rd period - Icing by Derek Forbort.
9:47 of 3rd period - Mark Scheifele wins face-off versus Jason Spezza in SAN DIEGO THUNDER zone.
9:56 of 3rd period - Shot by David Perron.
9:56 of 3rd period - Stopped by Igor Shesterkin without a rebound.
9:57 of 3rd period - Bo Horvat wins face-off versus Jean-Gabriel Pageau in SAN FRANCISCO SPIDERS zone.
9:57 of 3rd period - Bo Horvat is hit by Andrew Cogliano.
10:18 of 3rd period - Viktor Arvidsson is hit by Charles McAvoy and loses puck.
10:29 of 3rd period - Shot by Viktor Arvidsson.
10:29 of 3rd period - Stopped by Connor Hellebuyck without a rebound.
10:30 of 3rd period - Mark Scheifele wins face-off versus Calle Jarnkrok in SAN DIEGO THUNDER zone.
10:41 of 3rd period - Shot by David Perron.
10:41 of 3rd period - Shot Blocked by Michael Anderson.
11:36 of 3rd period - Shot by Evander Kane.
11:36 of 3rd period - Stopped by Igor Shesterkin without a rebound.
11:37 of 3rd period - Bo Horvat wins face-off versus Andrew Cogliano in SAN FRANCISCO SPIDERS zone.
11:49 of 3rd period - Andrei Svechnikov is hit by Brandon Montour and loses puck.
12:18 of 3rd period - Bo Horvat is hit by Alexandre Carrier and loses puck.
12:36 of 3rd period - Shea Weber is hit by Ryan Hartman and loses puck.
12:50 of 3rd period - Icing by Shea Weber.
12:51 of 3rd period - Bo Horvat wins face-off versus Mark Scheifele in SAN FRANCISCO SPIDERS zone.
12:59 of 3rd period - Icing by Viktor Arvidsson.
13:00 of 3rd period - Bo Horvat wins face-off versus Logan Couture in SAN FRANCISCO SPIDERS zone.
13:31 of 3rd period - Shot by Jason Spezza.
13:31 of 3rd period - Deflect By Kirby Dach.
13:31 of 3rd period - Stopped by Connor Hellebuyck with a rebound.
13:33 of 3rd period - Shot by Kirby Dach.
13:33 of 3rd period - Stopped by Connor Hellebuyck with a rebound.
13:36 of 3rd period - Icing by Connor Murphy.
13:37 of 3rd period - Logan Couture wins face-off versus Calle Jarnkrok in SAN DIEGO THUNDER zone.
14:19 of 3rd period - Shot by Corey Perry.
14:19 of 3rd period - Shot Misses the Net.
14:20 of 3rd period - Minor Penalty to Erik Cernak for Roughing.
14:21 of 3rd period - Jean-Gabriel Pageau wins face-off versus Corey Perry in SAN DIEGO THUNDER zone.
16:50 of 3rd period - Off-side.
16:51 of 3rd period - Mark Scheifele wins face-off versus Nico Sturm in neutral zone.
17:08 of 3rd period - Off-side.
17:09 of 3rd period - Jason Spezza wins face-off versus Logan Couture in neutral zone.
17:38 of 3rd period - Shot by Kirby Dach.
17:38 of 3rd period - Deflect By Jason Spezza.
17:38 of 3rd period - Stopped by Connor Hellebuyck without a rebound.
17:39 of 3rd period - Bo Horvat wins face-off versus Jean-Gabriel Pageau in SAN DIEGO THUNDER zone.
17:41 of 3rd period - Viktor Arvidsson is hit by Erik Cernak and loses puck.
17:56 of 3rd period - Shot by Ryan Hartman.
17:56 of 3rd period - Shot Blocked by Michael Anderson.
18:19 of 3rd period - Shot by Viktor Arvidsson.
18:19 of 3rd period - Shot Misses the Net.
18:21 of 3rd period - Shot by Andrei Svechnikov.
18:21 of 3rd period - Shot Blocked by Derek Forbort.
18:23 of 3rd period - Shot by Andrei Svechnikov.
18:23 of 3rd period - Stopped by Connor Hellebuyck without a rebound.
18:24 of 3rd period - Mark Scheifele wins face-off versus Calle Jarnkrok in SAN DIEGO THUNDER zone.
18:28 of 3rd period - Off-side.
18:29 of 3rd period - Mark Scheifele wins face-off versus Calle Jarnkrok in neutral zone.
18:40 of 3rd period - Shot by Calle Jarnkrok.
18:40 of 3rd period - Stopped by Connor Hellebuyck with a rebound.
18:42 of 3rd period - Shot by Calle Jarnkrok.
18:42 of 3rd period - Shot Blocked by Charles McAvoy.
18:44 of 3rd period - Shot by Corey Perry.
18:44 of 3rd period - Deflect By Eeli Tolvanen.
18:44 of 3rd period - Stopped by Connor Hellebuyck without a rebound.
18:45 of 3rd period - Jason Spezza wins face-off versus Logan Couture in SAN DIEGO THUNDER zone.
19:07 of 3rd period - Shot by Evander Kane.
19:07 of 3rd period - Stopped by Igor Shesterkin with a rebound.
19:11 of 3rd period - Shot by Brandon Saad.
19:11 of 3rd period - Shot Misses the Net.
19:13 of 3rd period - Shot by Evander Kane.
19:13 of 3rd period - Shot Misses the Net.
19:15 of 3rd period - Shot by Evander Kane.
19:15 of 3rd period - Stopped by Igor Shesterkin without a rebound.
19:16 of 3rd period - Jean-Gabriel Pageau wins face-off versus Eeli Tolvanen in SAN FRANCISCO SPIDERS zone.
19:33 of 3rd period - Shot by Jean-Gabriel Pageau.
19:33 of 3rd period - Deflect By Ryan Hartman.
19:33 of 3rd period - Shot Misses the Net.
19:53 of 3rd period - Shot by Calle Jarnkrok.
19:53 of 3rd period - Shot Misses the Net.
19:55 of 3rd period - Shot by Tyler Myers.
19:55 of 3rd period - Shot Blocked by Erik Cernak.
Goals for this period are 0 for SAN DIEGO THUNDER vs 0 for SAN FRANCISCO SPIDERS.
Shots for this period are 6 for SAN DIEGO THUNDER vs 13 for SAN FRANCISCO SPIDERS.


SEBASTIAN
AHO
MARK
SCHEIFELE
JAKE
OETTINGER

EAST COAST

HOCKEY LEAGUE

  • 17.QUE3CHI2
  • 18.CHA2LIM4
  • 19.TRV3LON2
  • 20.CHW1BAL2
  • 21.PITMAN
  • 22.ATLNHW
  • 23.WORPET
  • 24.RHI